 Dungeon Crawl Stone Soup version 0.17.1-1-g73c8601 (webtiles) character file.

463340 Miyamura the Severer (level 25, -2/214 HPs)
             Began as a Formicid Fighter on Jan 7, 2016.
             Was the Champion of Cheibriados.
             Killed from afar by a deep elf sorcerer (36 damage)
             ... with a blast of hellfire
             ... on level 5 of the Vaults.
             The game lasted 02:41:19 (50085 turns).

Miyamura the Severer (Formicid Fighter)            Turns: 50085, Time: 02:41:20

Health: -2/214     AC: 33    Str: 57    XL:     25   Next: 75%
Magic:  31/41      EV: 28    Int: 26    God:    Cheibriados [******]
Gold:   1100       SH: 24    Dex: 29    Spells: 3 memorised, 37 levels left

rFire  + + .     SeeInvis +     H - +5 battleaxe (flame)
rCold  . . .     Clarity  .     j - +4 plate armour of Fashionability {-Tele rF++ Int+2}
rNeg   . . .     SustAt   .     J - +5 shield {reflect}
rPois  +         Gourm    .     (helmet unavailable)
rElec  .         Spirit   .     L - +2 cloak {MR+}
rCorr  .         Warding  .     D - +0 pair of gloves "Yrphobou" {Regen+ Str+8 Int-3 SInv}
rMut   .         Stasis   +     n - +2 pair of boots
MR     +++..                    K - amulet of regeneration
Stlth  ..........               U - +5 ring of strength
                                c - ring of poison resistance

@: agile, very slightly contaminated, very slow, extremely resistant to hostile
enchantments, extremely unstealthy
A: permanent stasis, dig shafts and tunnels, four strong arms, antennae 3, claws
1, hooves 1, rough black scales 1, robust 1, slow regeneration 1
a: Dig, Shaft Self, Bend Time, Temporal Distortion, Slouch, Step From Time,
Renounce Religion
}: 2/15 runes: serpentine, barnacled


You were on level 5 of the Vaults.
You worshipped Cheibriados.
Cheibriados was exalted by your worship.
You were very full.

You visited 8 branches of the dungeon, and saw 44 of its levels.
You visited 1 bazaar.
You also visited: Sewer, Bailey, Ice Cave and Wizlab.

You collected 5891 gold pieces.
You spent 4791 gold pieces at shops.

Inventory:

Hand Weapons
 H - a +5 battleaxe of flaming (weapon)
Armour
 j - the +4 plate armour of Fashionability (worn) {-Tele rF++ Int+2}
   (You bought it in a shop on level 3 of the Vaults)

   It affects your intelligence (+2).
   It greatly protects you from fire.
   It prevents most forms of teleportation.
 n - a +2 pair of boots (worn)
 D - the +0 pair of gloves "Yrphobou" (worn) {Regen+ Str+8 Int-3 SInv}
   (You acquired it on level 4 of the Lair of Beasts)

   It affects your strength (+8).
   It affects your intelligence (-3).
   It lets you see invisible.
   It increases your rate of regeneration.
 J - a +5 shield of reflection (worn)
 L - a +2 cloak of magic resistance (worn)
Rods
 r - a +0 rod of shadows (14/14)
   (You found it on level 8 of the Lair of Beasts)
Jewellery
 a - the ring "Naschaly" {MR+ MP+9}
   (You took it off a centaur on level 5 of the Lair of Beasts)

   [ring of magical power]

   It affects your resistance to hostile enchantments.
   It affects your magic capacity (+9).
 c - a ring of poison resistance (left hand)
 f - an uncursed ring of protection from fire
 l - an uncursed amulet of resist mutation
 t - an uncursed ring of protection from cold
 E - an uncursed ring of flight
 K - an amulet of regeneration (around neck)
 U - a +5 ring of strength (right hand)
 Z - an uncursed amulet of resist corrosion
Scrolls
 g - 4 scrolls of recharging
 q - a scroll of brand weapon
 s - 4 scrolls of fog
 u - 7 scrolls of remove curse
 w - 5 scrolls of summoning
 y - 6 scrolls of magic mapping
 C - 5 scrolls of amnesia
 N - a scroll of identify
 X - a scroll of enchant armour
Potions
 b - 8 potions of brilliance
 h - a potion of resistance
 i - 15 potions of flight
 o - 7 potions of lignification
 x - a potion of magic
 A - 13 potions of curing
 B - 5 potions of heal wounds
 I - 5 potions of agility
 O - 9 potions of ambrosia
 T - 2 potions of cancellation
 V - 2 potions of invisibility
Books
 k - a book of Clouds

   Spells                             Type                      Level
   a - Mephitic Cloud                 Conjuration/Poison/Air       3
   b - Conjure Flame                  Conjuration/Fire             3
   c - Poisonous Cloud                Conjuration/Poison/Air       6
   d - Freezing Cloud                 Conjuration/Ice/Air          6
   e - Ring of Flames                 Charms/Fire                  7
Miscellaneous
 d - a disc of storms
 m - a phantom mirror
 v - a box of beasts
 z - a phial of floods
 F - a lamp of fire
 G - a legendary deck of defence {the Shaft}
 M - a legendary deck of changes {the Shadow}
 P - a fan of gales
 Q - a sack of spiders
 R - an ornate deck of destruction {Venom}
 W - a legendary deck of changes {the Alchemist, drawn: 3}
 Y - a stone of tremors
Comestibles
 e - 17 bread rations


   Skills:
 + Level 15.5 Fighting
 + Level 18.3 Axes
 - Level 13.9 Armour
 - Level 11.5 Dodging
 - Level 14.5 Shields
 + Level 14.8 Spellcasting
 + Level 5.8 Necromancy
 + Level 15.5 Transmutations
 - Level 15.8 Earth Magic
 - Level 12.5 Invocations
 - Level 10.3 Evocations


You had 37 spell levels left.
You knew the following spells:

 Your Spells              Type           Power        Failure   Level  Hunger
a - Stoneskin             Trmt/Erth      #######.     1%          2    None
n - Necromutation         Trmt/Necr      ######....   100%        8    #######
s - Statue Form           Trmt/Erth      #######..    1%          6    ####...


Dungeon Overview and Level Annotations

Branches:
Dungeon (15/15)            Temple (1/1) D:7            Lair (8/8) D:11
 Shoals (4/4) Lair:5        Snake (4/4) Lair:3        Slime (0/6) Lair:6
    Orc (4/4) D:10            Elf (3/3) Orc:3        Vaults (5/5) D:14
  Crypt (0/3) Vaults:3     Depths (0/5) D:15

Altars:
Ashenzari
Cheibriados
Dithmenos
Elyvilon
Fedhas
Gozag
Kikubaaqudgha
Makhleb
Nemelex Xobeh
Okawaru
Qazlal
Ru
Sif Muna
Trog
Vehumet
Xom
Yredelemnul
Zin
The Shining One
Beogh
Jiyva

Shops:
D:4 [   D:7 *   Orc:4 !![(   Shoals:1 [*}(*   Snake:2 [(   Snake:3 [=*}!
Snake:4 *:[!=   Vaults:2 }   Vaults:3 [

Portals:
Hell: Lair:8

Annotations:
Lair:5 exclusion: oklob plant


Innate Abilities, Weirdness & Mutations

You are under a permanent stasis effect.
You can dig through walls and to a lower floor.
Your four strong arms can wield two-handed weapons with a shield.
You have a pair of large antennae on your head (SInv).
You have sharp fingernails.
You have large cloven feet.
You are partially covered in rough black scales (AC +4, Dex -1).
You are robust (+10% HP).
You regenerate slowly when monsters are visible.


Message History

The eldritch tentacle freezes you!!!
* * * LOW HITPOINT WARNING * * *
The vault sentinel points at you and mumbles some strange words.
You resist with some effort.
The yaktaur shoots a silver bolt.
You reflect the silver bolt off your +5 shield of reflection!
The silver bolt hits the yaktaur!
The ancient lich completely misses you. The fire giant casts a spell at you.
The bolt of fire hits the fire giant.
The fire giant resists.
The bolt of fire hits you! You resist.
* * * LOW HITPOINT WARNING * * *
You block the green death's attack.
You step out of the flow of time.
You return to the normal time flow.
A soldier ant, a deep elf sorcerer, an ettin and a phantasmal warrior come into view.
The deep elf sorcerer shouts!
The soldier ant twitches its antennae in your direction.
The ettin shouts in stereo!
The soldier ant changes into a spriggan!
The deep elf sorcerer casts a spell at you.
The hellfire explodes!
The blast of hellfire engulfs you!
You die...

#k...# # #..e.#
. #. #...i# .$
###.C#...%# ...
.....#....#....
p..............
####..))[...###
.)....[@<......
.....(<[[<.....
.......<<......
..?.e..........
####..W.....###
...........
...#....#...#
....#....#....


You could see an ettin, 2 deep elf sorcerers, a vault sentinel, a phantasmal
warrior, a fire drake (wandering) and a spriggan shaped shifter.

Vanquished Creatures
  Norris (Elf:3)
  Saint Roka (Elf:3)
  2 tentacled monstrosities
  Jorgrun (Elf:3)
  An Ice Fiend (IceCv)
  Asterion (Snake:1)
  A deep elf master archer (Elf:3)
  2 deep elf blademasters (Elf:3)
  The ghost of Goblin1989 the Black Belt, an adept DsMo of Okawaru (Vaults:1)
  2 titans
  A kraken (Shoals:3)
  A sphinx (Vaults:2)
  The ghost of Yermak the Peltast, an adept FoWn of Cheibriados (Shoals:3)
  Kirke (D:13)
  2 storm dragons
  Ilsuiw (Shoals:4)
  13 greater nagas
  5 vault wardens
  Donald (Snake:4)
  6 deep elf sorcerers
  4 orc warlords
  4 frost giants
  Louise (Elf:1)
  2 war gargoyles
  A ghost moth (shapeshifter) (WizLab)
  10 very ugly things
  A ghoul (Vaults:3)
  6 stone giants
  8 ironheart preservers
  9 deep elf demonologists
  10 deep elf annihilators
  3 deep elf death magi (Elf:3)
  5 merfolk javelineers
  5 yaktaur captains
  3 ettins
  11 merfolk impalers
  6 great orbs of eyes
  5 fire dragons
  4 deep elf high priests (Elf:3)
  32 vault guards
  An entropy weaver (Vaults:1)
  Harold (Lair:3)
  8 hydras
  An ice dragon (D:15)
  10 naga warriors
  18 anacondas
  8 ogre magi
  6 merfolk aquamancers
  2 catoblepae
  7 merfolk avatars
  2 rakshasas (Vaults:2)
  An alligator snapping turtle (Shoals:1)
  An anaconda (shapeshifter) (WizLab)
  7 centaur warriors
  A deep troll shaman (Vaults:3)
  A tengu warrior (D:14)
  14 dancing weapons
  2 deep troll earth magi (Vaults:3)
  18 naga sharpshooters
  2 satyrs (Shoals:4)
  7 death yaks
  4 shock serpents
  6 orc high priests
  A sun demon (Lair:8)
  Sonja (Lair:2)
  29 deep elf knights
  5 wizards
  An iron golem (WizLab)
  4 fire crabs (shapeshifter) (WizLab)
  An unseen horror (shapeshifter) (Vaults:1)
  5 ice devils (IceCv)
  10 small abominations
  5 unseen horrors
  6 salamander mystics
  9 sea snakes
  A death drake (shapeshifter) (WizLab)
  7 deep trolls
  2 shadow wraiths
  18 ironbrand convokers
  7 hill giants
  A harpy (shapeshifter) (WizLab)
  5 deep elf summoners
  A giant orange brain (Vaults:1)
  A phantasmal warrior (Vaults:4)
  Pikel (D:4)
  A hill giant (shapeshifter) (WizLab)
  9 naga ritualists
  18 deep elf conjurers
  6 harpies
  13 salamanders
  3 necromancers
  4 salamanders (shapeshifter)
  A frost giant zombie (Vaults:4)
  11 mana vipers
  3 hornets
  16 griffons
  65 ugly things
  15 orc knights
  A tengu skeleton (Vaults:4)
  3 water nymphs
  9 wolf spiders
  A sixfirhy (Lair:8)
  7 orc sorcerers
  6 fauns
  11 manticores
  7 cyclopes
  4 elephants (Lair:7)
  Maurice (D:8)
  An octopode (shapeshifter) (WizLab)
  11 sirens
  13 guardian serpents
  12 vault sentinels
  15 spiny frogs
  An ice statue (Elf:2)
  An eye of devastation (shapeshifter) (WizLab)
  A spiny frog (shapeshifter) (WizLab)
  44 black mambas
  26 naga magi
  3 gargoyles
  3 yaktaurs (shapeshifter) (WizLab)
  6 orange demons (Lair:8)
  10 komodo dragons
  3 kobold demonologists
  7 trolls
  2 demonic crawlers (Elf:1)
  A jumping spider (shapeshifter) (Vaults:1)
  12 deep elf priests
  2 elves (WizLab)
  3 jumping spiders (Vaults:2)
  4 fire drakes
  A fire drake (shapeshifter) (WizLab)
  27 merfolk
  An anaconda simulacrum (IceCv)
  2 trolls (shapeshifter) (WizLab)
  12 yaktaurs
  3 blue devils
  2 red devils (Lair:8)
  2 wind drakes
  7 freezing wraiths
  A tengu conjurer (D:14)
  A hellwing (Lair:8)
  A polar bear (shapeshifter) (WizLab)
  A queen bee (D:9)
  3 polar bears
  10 slime creatures
  A wind drake (shapeshifter) (Vaults:1)
  11 two-headed ogres
  A queen bee (shapeshifter) (WizLab)
  A hornet zombie (D:11)
  A blink frog (shapeshifter) (WizLab)
  6 boulder beetles
  A wolf spider simulacrum (IceCv)
  4 humans (WizLab)
  3 trapdoor spiders (shapeshifter) (WizLab)
  4 redbacks (Vaults:2)
  31 deep elf magi
  12 water elementals
  41 blink frogs
  11 snapping turtles
  2 dire elephant simulacra (IceCv)
  A tarantella (shapeshifter) (WizLab)
  3 wraiths
  A wyvern (shapeshifter) (WizLab)
  10 hippogriffs
  27 deep elf fighters
  2 death yak simulacra (IceCv)
  A yak (shapeshifter) (WizLab)
  2 spriggans (shapeshifter) (WizLab)
  4 hungry ghosts
  46 yaks
  3 humans (shapeshifter)
  A golden eye (shapeshifter) (WizLab)
  Grum (D:8)
  2 wyverns (D:13)
  A yaktaur simulacrum (Vaults:4)
  5 hogs (D:13)
  An elf zombie (Vaults:5)
  6 basilisks
  3 harpy simulacra (IceCv)
  A mottled dragon (Vaults:2)
  2 iron troll simulacra (IceCv)
  Menkaure (D:7)
  A warg (shapeshifter) (WizLab)
  A soldier ant (shapeshifter) (WizLab)
  58 nagas
  6 hydra simulacra (IceCv)
  11 vampire mosquitoes
  19 wolves
  6 wargs
  15 porcupines
  2 steam dragons (D:12)
  7 large abominations (WizLab)
  55 orc warriors
  14 ice beasts
  Purgy (Sewer)
  12 water moccasins
  An eye of draining (D:11)
  3 sky beasts
  5 black bears
  A phantom (D:10)
  28 ogres
  An eye of draining (shapeshifter) (WizLab)
  A necrophage (D:10)
  A wasp (D:6)
  An ettin simulacrum (IceCv)
  11 boggarts
  14 centaurs
  An orc skeleton (Vaults:2)
  11 big kobolds
  A big kobold (shapeshifter) (WizLab)
  17 crocodiles
  A brain worm (Lair:8)
  A giant frog (shapeshifter) (Vaults:4)
  18 giant frogs
  2 human skeletons (Vaults:2)
  3 scorpions
  A wyvern skeleton (D:15)
  23 killer bees
  A swamp dragon simulacrum (IceCv)
  7 wights
  8 crimson imps
  An elf skeleton (Vaults:2)
  A draconian simulacrum (IceCv)
  30 orc priests
  3 electric eels
  2 human simulacra
  5 centaur zombies
  33 orc wizards
  14 jellies
  5 centaur skeletons
  6 iguanas
  5 hounds
  A quasit (D:7)
  Terence (D:3)
  5 giant frog skeletons
  10 worker ants
  A polar bear simulacrum (IceCv)
  A spriggan simulacrum (IceCv)
  2 troll simulacra (IceCv)
  21 sheep
  5 hound skeletons
  An ogre simulacrum (IceCv)
  4 worker ant zombies
  5 gnolls
  14 adders
  2 naga simulacra (IceCv)
  37 river rats
  4 shadow imps
  10 white imps
  4 giant eyeballs (WizLab)
  11 ufetubi
  15 oozes
  An adder zombie (D:7)
  6 worms
  2 adder skeletons
  249 orcs
  2 ball pythons
  2 bat zombies (D:2)
  6 giant cockroaches
  10 hobgoblins
  9 jackals
  41 kobolds
  5 quokkas
  5 bats
  10 giant geckos
  11 giant newts
  10 goblins
  A jackal skeleton (D:6)
  3 rats
  9 crawling corpses (Elf:3)
  4 fungi
  7 plants
  2 tentacles (Shoals:3)
2172 creatures vanquished.

Vanquished Creatures (others)
  A deep elf master archer (Elf:3)
  An eldritch tentacle (Vaults:5)
  A deep elf sorcerer (Elf:3)
  A merfolk javelineer (Shoals:4)
  A yaktaur captain (Vaults:2)
  An ogre mage (Vaults:1)
  A merfolk aquamancer (Shoals:4)
  A satyr (Shoals:3)
  2 naga sharpshooters (Snake:4)
  A shadow wraith (Vaults:3)
  3 deep elf knights (Elf:2)
  An ironbrand convoker (Vaults:3)
  2 cyclopes
  A centaur skeleton (D:15)
  3 yaktaurs
  A two-headed ogre (Vaults:1)
  An ogre (Vaults:1)
  A centaur (Shoals:4)
  A white imp (IceCv)
  An orc (Elf:1)
  A jackal (D:8)
  A kobold (Vaults:1)
  A quokka (D:9)
  44 eldritch tentacle segments (Vaults:5)
  19 fungi
  11 plants
  11 tentacles (Shoals:3)
  104 tentacle segments (Shoals:3)
218 creatures vanquished.

Grand Total: 2390 creatures vanquished

Notes
Turn   | Place    | Note
--------------------------------------------------------------
     0 | D:1      | Miyamura the Formicid Fighter began the quest for the Orb.
     0 | D:1      | Reached XP level 1. HP: 18/18 MP: 1/1
   116 | D:1      | Reached XP level 2. HP: 20/24 MP: 2/2
   337 | D:1      | Reached XP level 3. HP: 27/29 MP: 3/3
   635 | D:1      | Reached skill level 1 in Dodging
   885 | D:1      | Reached skill level 4 in Shields
   885 | D:1      | Reached XP level 4. HP: 29/37 MP: 4/4
  1423 | D:2      | Found an ancient bone altar of Kikubaaqudgha.
  1454 | D:2      | Found an iron altar of Okawaru.
  1703 | D:3      | Reached XP level 5. HP: 34/42 MP: 5/5
  2099 | D:3      | Noticed Terence
  2113 | D:3      | Killed Terence
  2236 | D:3      | Gained mutation: You are resistant to hostile enchantments. [potion of beneficial mutation]
  2449 | D:3      | Found a bloodstained altar of Trog.
  2452 | D:3      | Reached XP level 6. HP: 49/49 MP: 6/6
  2927 | D:4      | Found Ymas's Armour Shoppe.
  2958 | D:4      | Bought a +0 cloak for 45 gold pieces
  3148 | D:4      | Reached skill level 5 in Shields
  3849 | D:4      | Noticed a slave
  3849 | D:4      | Noticed a slave
  3849 | D:4      | Noticed a slave
  3850 | D:4      | Noticed Pikel
  3851 | D:4      | Noticed a slave
  3883 | D:4      | Killed Pikel
  3883 | D:4      | Reached skill level 5 in Fighting
  3883 | D:4      | Reached skill level 5 in Armour
  3883 | D:4      | Reached XP level 7. HP: 53/56 MP: 7/7
  3883 | D:4      | Reached XP level 8. HP: 59/63 MP: 8/8
  3908 | D:5      | Entered Level 5 of the Dungeon
  3922 | D:5      | Found a shattered altar of Ashenzari.
  4208 | D:5      | Found a glowing drain.
  4219 | D:5      | Reached skill level 6 in Shields
  4242 | Sewer    | Entered a sewer
  4288 | Sewer    | Noticed Purgy
  4298 | Sewer    | Killed Purgy
  4475 | D:5      | Found a stormy altar of Qazlal.
  4890 | D:5      | Found a sparkling altar of Nemelex Xobeh.
  4950 | D:5      | Found a bloodstained altar of Trog.
  5035 | D:5      | Reached skill level 5 in Axes
  5035 | D:5      | Reached XP level 9. HP: 59/69 MP: 9/9
  5523 | D:6      | Found a radiant altar of Vehumet.
  6413 | D:7      | Found a basalt altar of Yredelemnul.
  6427 | D:7      | Reached skill level 7 in Shields
  6530 | D:7      | Found a shattered altar of Ashenzari.
  6558 | D:7      | Found a staircase to the Ecumenical Temple.
  6576 | Temple   | Entered the Ecumenical Temple
  6669 | D:7      | Found a shadowy altar of Dithmenos.
  6930 | D:7      | Noticed Menkaure
  6940 | D:7      | Killed Menkaure
  6985 | D:7      | Found Ivuufeudax's Serpentskin Sales.
  6991 | D:7      | Reached skill level 5 in Dodging
  7103 | D:7      | Bought a potion of poison for 11 gold pieces
  7103 | D:7      | Bought 8 poisoned needles for 35 gold pieces
  7844 | D:8      | Noticed Grum
  7862 | D:8      | Killed Grum
  7866 | D:8      | Reached XP level 10. HP: 68/79 MP: 10/10
  8243 | D:8      | Reached skill level 8 in Shields
  8327 | D:8      | Got a fine dagger
  8397 | D:8      | Found a sacrificial altar of Ru.
  8576 | D:8      | Noticed Maurice
  8596 | D:8      | Killed Maurice
  9247 | D:9      | Reached XP level 11. HP: 43/87 MP: 11/11
  9261 | D:9      | Reached skill level 9 in Shields
  9580 | D:9      | Found a white marble altar of Elyvilon.
  9833 | D:9      | Found a snail-covered altar of Cheibriados.
  9843 | D:9      | Became a worshipper of Cheibriados the Contemplative
 10102 | D:9      | Found a shimmering altar of Xom.
 10178 | D:10     | Entered Level 10 of the Dungeon
 10260 | D:9      | Reached skill level 1 in Invocations
 10278 | D:10     | HP: 3/89 [gargoyle/dire flail (6)]
 11365 | D:10     | Reached * piety under Cheibriados
 11541 | D:10     | Identified the +6 dagger "Vazuzak" {pierce, SInv} (You found it on level 8 of the Dungeon)
 11903 | D:10     | Found a staircase to the Orcish Mines.
 12262 | D:11     | Reached ** piety under Cheibriados
 12882 | D:11     | Found a staircase to the Lair.
 12924 | D:11     | Reached *** piety under Cheibriados
 13036 | D:11     | Reached XP level 12. HP: 97/97 MP: 15/15
 13071 | D:11     | Reached skill level 5 in Invocations
 13279 | Orc:1    | Entered Level 1 of the Orcish Mines
 13523 | Orc:2    | Reached **** piety under Cheibriados
 13895 | Orc:2    | Reached ***** piety under Cheibriados
 14131 | Orc:1    | Found a roughly hewn altar of Beogh.
 14666 | Orc:3    | Reached ****** piety under Cheibriados
 14713 | Orc:3    | Noticed an orc warlord
 14713 | Orc:3    | Reached skill level 10 in Fighting
 15477 | Lair:1   | Entered Level 1 of the Lair of Beasts
 15483 | Lair:1   | Reached skill level 10 in Shields
 15955 | Lair:1   | Reached skill level 10 in Armour
 16482 | Lair:1   | Noticed a seven-headed hydra
 16500 | Lair:1   | Killed a one-headed hydra
 16985 | Lair:2   | Reached XP level 13. HP: 104/104 MP: 19/19
 17134 | Lair:2   | Noticed Sonja
 17169 | Lair:2   | Killed Sonja
 18366 | Lair:3   | Reached skill level 11 in Shields
 18596 | Lair:3   | Found a staircase to the Snake Pit.
 18749 | Lair:3   | Noticed Harold
 18763 | Lair:3   | Killed Harold
 19668 | Lair:4   | Identified a scroll of acquirement
 19669 | Lair:4   | Got a pair of distressingly furry gloves
 19675 | Lair:4   | Identified the +0 pair of gloves "Yrphobou" {Regen+ Str+8 Int-3 SInv} (You acquired it on level 4 of the Lair of Beasts)
 19743 | Lair:4   | Reached skill level 10 in Invocations
 20234 | Lair:5   | Found a staircase to the Shoals.
 20522 | Lair:5   | Got a pitted lapis lazuli ring
 20558 | Lair:5   | Identified the ring "Naschaly" {MR+ MP+9} (You took it off a centaur on level 5 of the Lair of Beasts)
 21039 | Lair:6   | Got a fabulously ornate robe
 21050 | Lair:6   | Identified the cursed +0 robe "Pucy" {Int+7} (You found it on level 6 of the Lair of Beasts)
 21481 | Lair:6   | Found a viscous altar of Jiyva.
 21482 | Lair:6   | Found a staircase to the Slime Pits.
 21732 | Lair:7   | Reached XP level 14. HP: 108/113 MP: 21/21
 21880 | Lair:6   | Reached skill level 10 in Axes
 22376 | Lair:7   | Reached skill level 12 in Shields
 22820 | Lair:8   | Entered Level 8 of the Lair of Beasts
 23000 | Lair:8   | Identified a +0 rod of shadows (14/14) (You found it on level 8 of the Lair of Beasts)
 23219 | Lair:8   | Reached XP level 15. HP: 120/120 MP: 24/24
 23598 | Lair:8   | Reached skill level 1 in Evocations
 23924 | Lair:8   | Found a burning altar of Makhleb.
 23950 | Lair:8   | Found a gateway to Hell.
 24336 | Orc:2    | Killed an orc warlord
 24485 | Orc:3    | Found a staircase to the Elven Halls.
 24809 | Orc:4    | Entered Level 4 of the Orcish Mines
 24868 | Orc:4    | Found a roughly hewn altar of Beogh.
 24869 | Orc:4    | Found Ichuv's Distillery.
 24889 | Orc:4    | Bought a potion of degeneration for 10 gold pieces
 24892 | Orc:4    | Bought a potion of resistance for 100 gold pieces
 24892 | Orc:4    | Bought a potion of flight for 30 gold pieces
 24892 | Orc:4    | Bought a potion of ambrosia for 80 gold pieces
 24892 | Orc:4    | Bought a potion of agility for 40 gold pieces
 24892 | Orc:4    | Bought 2 potions of agility for 80 gold pieces
 24892 | Orc:4    | Bought a potion of flight for 30 gold pieces
 24953 | Orc:4    | Found a roughly hewn altar of Beogh.
 24954 | Orc:4    | Found Zoczostre's Distillery.
 24978 | Orc:4    | Bought 2 potions of lignification for 96 gold pieces
 24978 | Orc:4    | Bought a potion of agility for 64 gold pieces
 24978 | Orc:4    | Bought 2 potions of heal wounds for 160 gold pieces
 24978 | Orc:4    | Bought a potion of curing for 48 gold pieces
 25055 | Orc:4    | Found a roughly hewn altar of Beogh.
 25127 | Orc:4    | Found a roughly hewn altar of Beogh.
 25383 | Orc:4    | Noticed an orc warlord
 25388 | Orc:4    | Reached skill level 10 in Dodging
 25388 | Orc:4    | Reached skill level 5 in Evocations
 25394 | Orc:4    | Killed an orc warlord
 25402 | Orc:4    | Found Reifoyh's Antique Armour Shoppe.
 25405 | Orc:4    | Found a roughly hewn altar of Beogh.
 25409 | Orc:4    | Found Eduah's Antique Weapon Emporium.
 25511 | Orc:4    | Found a roughly hewn altar of Beogh.
 25592 | Orc:4    | Bought an ichor-stained chain mail for 313 gold pieces
 25604 | Orc:4    | Identified the cursed +1 chain mail "Littidor" {MR- Str+4 Slay+3} (You bought it in a shop on level 4 of the Orcish Mines)
 25691 | Orc:4    | Bought 2 potions of experience for 1600 gold pieces
 25692 | Orc:4    | Reached XP level 16. HP: 129/129 MP: 25/25
 25693 | Orc:4    | Reached skill level 10 in Evocations
 25693 | Orc:4    | Reached XP level 17. HP: 135/135 MP: 26/26
 25961 | D:12     | Found a flagged portal.
 25970 | Bailey   | Entered a bailey
 26050 | Bailey   | Found a runed gate.
 26052 | Bailey   | Found a runed gate.
 26054 | Bailey   | Found a runed gate.
 26216 | Bailey   | Reached skill level 13 in Shields
 26239 | Bailey   | Gained mutation: You are robust (+10% HP). [potion of beneficial mutation]
 26240 | Bailey   | Gained mutation: Your muscles are strong. (Str +2) [potion of beneficial mutation]
 27032 | D:13     | Reached XP level 18. HP: 131/156 MP: 27/27
 27072 | D:13     | Noticed Kirke
 27079 | D:13     | Killed Kirke
 27137 | D:13     | Got an ivory lajatang {drain}
 27138 | D:13     | Identified the cursed +1 lajatang "Detet" {drain, Int+4 Dex+6 SInv Stlth+} (You took it off Kirke on level 13 of the Dungeon)
 27815 | D:14     | Found a gate to the Vaults.
 28158 | D:14     | Got a dazzling lajatang
 28159 | D:14     | Identified the +1 lajatang of the Forgotten Curses {flame, Str+5 Int-4 SInv} (You found it on level 14 of the Dungeon)
 28556 | D:15     | Entered Level 15 of the Dungeon
 28685 | D:15     | Found a sparkling altar of Nemelex Xobeh.
 28954 | D:15     | Found a staircase to the Depths.
 29662 | D:4      | Bought a +1 ring mail of poison resistance for 130 gold pieces
 29976 | Snake:1  | Entered Level 1 of the Snake Pit
 29996 | Snake:1  | Noticed Asterion
 30009 | Snake:1  | Killed Asterion
 30027 | Snake:1  | Reached skill level 14 in Shields
 30484 | Snake:1  | Learned a level 6 spell: Statue Form
 30833 | Snake:2  | Found Toathaix's Weapon Boutique.
 30870 | Snake:2  | Found Numypic's Specialty Armours.
 30940 | Snake:2  | Found a frozen archway.
 30967 | IceCv    | Entered an ice cave
 31245 | IceCv    | Reached XP level 19. HP: 122/167 MP: 28/28
 31451 | IceCv    | Noticed an Ice Fiend
 31486 | IceCv    | Killed an Ice Fiend
 32327 | Snake:2  | Got an ichor-stained scale mail
 32338 | Snake:2  | Identified the cursed +1 scale mail of Pomosame {+Blink} (You found it on level 2 of the Snake Pit)
 32646 | Snake:2  | Reached skill level 1 in Earth Magic
 32856 | Snake:3  | Reached skill level 1 in Spellcasting
 32856 | Snake:3  | Reached skill level 1 in Transmutations
 33048 | Snake:3  | Found Niykeq's Jewellery Emporium.
 33061 | Snake:3  | Bought a cursed amulet of inaccuracy for 30 gold pieces
 33061 | Snake:3  | Bought an uncursed ring of poison resistance for 300 gold pieces
 33061 | Snake:3  | Bought an uncursed ring of protection from fire for 375 gold pieces
 33061 | Snake:3  | Bought a cursed ring of loudness for 67 gold pieces
 33182 | Snake:3  | Found Roant's General Store.
 33211 | Snake:3  | Found Tuqap's Armour Shoppe.
 33218 | Snake:3  | Bought a cursed +0 pair of boots for 38 gold pieces
 33574 | Snake:3  | Found Qeuxzom's Gadget Shoppe.
 33815 | Snake:3  | Found Kiybrih's Distillery.
 34085 | Snake:4  | Entered Level 4 of the Snake Pit
 34085 | Snake:4  | Found Qiustroa's Distillery.
 34087 | Snake:4  | Bought a potion of curing for 36 gold pieces
 34087 | Snake:4  | Bought a potion of curing for 36 gold pieces
 34172 | Snake:4  | Reached skill level 5 in Earth Magic
 34339 | Snake:4  | Found Mulo Laoseext's Jewellery Shoppe.
 34341 | Snake:4  | Noticed Donald
 34348 | Snake:4  | Killed Donald
 34361 | Snake:4  | Reached skill level 5 in Transmutations
 34459 | Snake:4  | Reached XP level 20. HP: 152/176 MP: 29/29
 34516 | Snake:4  | Reached skill level 5 in Spellcasting
 34780 | Snake:4  | Found Qogruimn's Book Emporium.
 34859 | Snake:4  | Found Zeps's Assorted Antiques.
 35112 | Snake:4  | Found Raesemn's Armour Emporium.
 35585 | Snake:4  | Got a serpentine rune of Zot
 36403 | Shoals:1 | Entered Level 1 of the Shoals
 36407 | Shoals:1 | Found Tacvek's Assorted Antiques.
 36425 | Shoals:1 | Found Ukewaq's Armour Emporium.
 36642 | Shoals:1 | Found Kyvunext's Assorted Antiques.
 36677 | Shoals:1 | Found Ynupas's Gadget Shop.
 36732 | Shoals:1 | Found Wuydaqosk's Weapon Shoppe.
 36970 | Shoals:2 | Reached XP level 21. HP: 182/182 MP: 32/32
 37089 | Shoals:2 | Got a dazzling chain mail
 37090 | Shoals:2 | Identified the cursed +0 chain mail of the Pleiades {*Contam rPois Str+6 Int+4} (You found it on level 2 of the Shoals)
 37604 | Shoals:3 | Noticed Yermak's ghost (adept FoWn)
 37629 | Shoals:3 | Killed Yermak's ghost
 38035 | Shoals:3 | Reached skill level 10 in Earth Magic
 38275 | Shoals:4 | Entered Level 4 of the Shoals
 38442 | Shoals:4 | Reached skill level 15 in Axes
 38575 | Shoals:4 | Noticed Ilsuiw
 38761 | Shoals:4 | Got a barnacled rune of Zot
 38924 | Shoals:4 | Killed Ilsuiw
 39041 | Shoals:4 | Reached skill level 10 in Transmutations
 39773 | Elf:1    | Entered Level 1 of the Elven Halls
 39947 | Elf:1    | Noticed Louise
 39954 | Elf:1    | Killed Louise
 40329 | Elf:1    | Reached XP level 22. HP: 186/190 MP: 35/35
 40502 | Elf:1    | Reached skill level 10 in Spellcasting
 40948 | Elf:2    | Found a gateway to a bazaar.
 40964 | Bazaar   | Entered a bazaar
 40978 | Bazaar   | Found Cytowkel's Antique Weapon Emporium.
 40989 | Bazaar   | Found Synix's General Store.
 41000 | Bazaar   | Found Lebeiwen's Antique Armour Shoppe.
 41008 | Bazaar   | Found Xoqianem's Jewellery Shoppe.
 41019 | Bazaar   | Found Rinub's Distillery.
 41027 | Bazaar   | Bought a potion of curing for 30 gold pieces
 41027 | Bazaar   | Bought a potion of curing for 30 gold pieces
 41027 | Bazaar   | Bought a potion of lignification for 30 gold pieces
 41027 | Bazaar   | Bought a potion of agility for 40 gold pieces
 41027 | Bazaar   | Bought a potion of curing for 30 gold pieces
 41160 | Elf:2    | Got a slimy chain mail
 41161 | Elf:2    | Identified the +4 chain mail of Gallantry {Str+3} (You found it on level 2 of the Elven Halls)
 41201 | Elf:2    | Found a runed gate.
 41201 | Elf:2    | Found a runed gate.
 41206 | Elf:2    | Found a runed gate.
 41809 | Elf:3    | Entered Level 3 of the Elven Halls
 42181 | Elf:3    | Noticed Jorgrun
 42189 | Elf:3    | Reached skill level 16 in Axes
 42197 | Elf:3    | Killed Jorgrun
 42413 | Elf:3    | Reached XP level 23. HP: 196/196 MP: 38/38
 42588 | Elf:3    | Got a brightly glowing ring mail
 42599 | Elf:3    | Identified the cursed +1 ring mail of Dipyo {rN+++ Dex+6 Slay-2} (You found it on level 3 of the Elven Halls)
 42615 | Elf:3    | Identified Ceanyeza's Incunabulum of Conjuration and Poison
 42653 | Elf:3    | Learned a level 8 spell: Necromutation
 42658 | Elf:3    | Identified a +2 rod of ignition (13/13) (You found it on level 3 of the Elven Halls)
 42741 | Elf:3    | Got a slimy ring mail
 42752 | Elf:3    | Identified the +3 ring mail of the Doge {rC+++} (You found it on level 3 of the Elven Halls)
 42788 | Elf:3    | Got a brightly glowing scale mail
 42799 | Elf:3    | Identified the cursed +0 scale mail of Rodyp {+Inv Int+4} (You found it on level 3 of the Elven Halls)
 43028 | Elf:3    | Noticed Norris
 43044 | Elf:3    | Killed Norris
 43198 | Elf:3    | Noticed Saint Roka
 43229 | Elf:3    | Killed Saint Roka
 43722 | Vaults:1 | Entered Level 1 of the Vaults
 44185 | Vaults:1 | Noticed Goblin1989's ghost (adept DsMo)
 44200 | Vaults:1 | Killed Goblin1989's ghost
 44827 | Vaults:2 | Found Vore's Gadget Shop.
 45043 | Vaults:2 | Reached skill level 17 in Axes
 45389 | Vaults:1 | Reached XP level 24. HP: 202/204 MP: 40/40
 46091 | Vaults:2 | Reached skill level 15 in Earth Magic
 46621 | Vaults:3 | Found a shattered altar of Ashenzari.
 46651 | Vaults:3 | Found a magical portal.
 46660 | WizLab   | Entered Cigotuvi's Fleshworks
 46760 | WizLab   | Gained mutation: Your body sometimes deteriorates upon taking damage. [mutagenic glow]
 47498 | WizLab   | Gained mutation: You are partially covered in molten scales (AC +1). [potion of mutation]
 47498 | WizLab   | Gained mutation: Your mind is acute. (Int +2) [potion of mutation]
 47498 | WizLab   | Lost mutation: Your mind is acute. (Int +2) [potion of mutation]
 47499 | WizLab   | Gained mutation: You are partially covered in rugged brown scales (AC +1, +3% HP). [potion of mutation]
 47499 | WizLab   | Gained mutation: You are clumsy. (Dex -2) [potion of mutation]
 47500 | WizLab   | Lost mutation: You are robust (+10% HP). [potion of mutation]
 47500 | WizLab   | Gained mutation: Your body often deteriorates upon taking damage. [potion of mutation]
 47501 | WizLab   | Lost mutation: You are clumsy. (Dex -2) [potion of mutation]
 47501 | WizLab   | Gained mutation: You are frail (-10% HP). [potion of mutation]
 47502 | WizLab   | Lost mutation: Your body often deteriorates upon taking damage. [potion of mutation]
 47502 | WizLab   | Gained mutation: Your muscles are very strong. (Str +4) [potion of mutation]
 47503 | WizLab   | Gained mutation: Your body often deteriorates upon taking damage. [potion of mutation]
 47503 | WizLab   | Gained mutation: Armour fits poorly on your strangely shaped body. [potion of mutation]
 47504 | WizLab   | Gained mutation: You have sharp fingernails. [potion of mutation]
 47504 | WizLab   | Gained mutation: You can spit weak poison. [potion of mutation]
 47505 | WizLab   | Lost mutation: Armour fits poorly on your strangely shaped body. [potion of mutation]
 47506 | WizLab   | Gained mutation: You have sharp toenails. [potion of mutation]
 47508 | WizLab   | Gained mutation: Your mind is acute. (Int +2) [potion of mutation]
 47508 | WizLab   | Lost mutation: You are resistant to hostile enchantments. [potion of mutation]
 47509 | WizLab   | Lost mutation: Your body often deteriorates upon taking damage. [potion of mutation]
 47509 | WizLab   | Gained mutation: You regenerate slowly when monsters are visible. [potion of mutation]
 47509 | WizLab   | Lost mutation: You are frail (-10% HP). [potion of mutation]
 47550 | WizLab   | Lost mutation: Your muscles are very strong. (Str +4) [potion of cure mutation]
 47550 | WizLab   | Lost mutation: Your body sometimes deteriorates upon taking damage. [potion of cure mutation]
 47550 | WizLab   | Lost mutation: Your mind is acute. (Int +2) [potion of cure mutation]
 47551 | WizLab   | Lost mutation: You have sharp toenails. [potion of cure mutation]
 47551 | WizLab   | Lost mutation: You are partially covered in molten scales (AC +1). [potion of cure mutation]
 47551 | WizLab   | Lost mutation: You are partially covered in rugged brown scales (AC +1, +3% HP). [potion of cure mutation]
 47551 | WizLab   | Lost mutation: Your muscles are strong. (Str +2) [potion of cure mutation]
 47551 | WizLab   | Lost mutation: You can spit weak poison. [potion of cure mutation]
 47552 | WizLab   | Gained mutation: You have large cloven feet. [potion of beneficial mutation]
 47553 | WizLab   | Gained mutation: You are robust (+10% HP). [potion of beneficial mutation]
 47554 | WizLab   | Gained mutation: You are partially covered in rough black scales (AC +4, Dex -1). [potion of beneficial mutation]
 47570 | WizLab   | Identified Cigotuvi's Guide on Moulding
 47574 | WizLab   | Learned a level 2 spell: Stoneskin
 47848 | Vaults:3 | Found Xeitruc's Antique Armour Shop.
 47857 | Vaults:3 | Reached skill level 1 in Necromancy
 47941 | Vaults:3 | Bought a steaming plate armour for 756 gold pieces
 47941 | Vaults:3 | Bought a glowing shield for 121 gold pieces
 47945 | Vaults:3 | Identified the +4 plate armour of Fashionability {-Tele rF++ Int+2} (You bought it in a shop on level 3 of the Vaults)
 48411 | Vaults:3 | Reached XP level 25. HP: 212/212 MP: 41/41
 48745 | Vaults:3 | Found a staircase to the Crypt.
 48919 | Vaults:3 | Reached skill level 18 in Axes
 49100 | Vaults:4 | Reached skill level 15 in Transmutations
 49158 | Vaults:4 | Reached skill level 15 in Fighting
 49870 | Vaults:5 | Entered Level 5 of the Vaults
 49883 | Vaults:5 | Noticed an ancient lich
 49891 | Vaults:4 | Reached skill level 5 in Necromancy
 50085 | Vaults:5 | Killed from afar by a deep elf sorcerer

Action                   |  1- 3 |  4- 6 |  7- 9 | 10-12 | 13-15 | 16-18 | 19-21 | 22-24 | 25-27 || total
-------------------------+-------+-------+-------+-------+-------+-------+-------+-------+-------++-------
Melee: War axe           |    82 |   259 |   381 |   625 |       |       |       |       |       ||  1347
       Battleaxe         |       |       |       |   247 |   759 |   524 |  1185 |  1185 |   219 ||  4119
       Hand axe          |       |       |       |     9 |    26 |       |     4 |       |       ||    39
 Cast: Statue Form       |       |       |       |       |       |       |       |     1 |       ||     1
Invok: Bend Time         |       |       |       |     3 |     1 |     1 |     4 |       |       ||     9
       Step From Time    |       |       |       |     2 |       |       |     2 |       |     1 ||     5
       Temporal Distorti |       |       |       |       |     2 |       |    11 |       |       ||    13
       Slouch            |       |       |       |       |     6 |     2 |       |     7 |       ||    15
 Abil: Dig               |       |       |       |     1 |       |       |     3 |    10 |       ||    14
       Evoke Flight      |       |       |       |       |       |       |    23 |       |       ||    23
Evoke: Wand              |       |       |     2 |    25 |     4 |       |     6 |       |       ||    37
       Deck              |       |       |       |       |       |       |       |       |     3 ||     3
  Use: Scroll            |     7 |     8 |     4 |     7 |    16 |    10 |    16 |    12 |     3 ||    83
       Potion            |       |     2 |     2 |     2 |     2 |     5 |    10 |    23 |     4 ||    50
 Stab: Confused          |       |       |     1 |     3 |     1 |       |       |       |       ||     5
  Eat: Chunk             |       |    10 |    12 |    18 |    18 |    11 |    14 |     6 |     1 ||    90
       Beef jerky        |       |       |       |     1 |       |     2 |     1 |     2 |       ||     6
       Meat ration       |       |       |       |     1 |       |       |       |     2 |     2 ||     5
       Pizza             |       |       |       |       |     2 |       |       |       |       ||     2
       Royal jelly       |       |       |       |       |       |       |     8 |       |       ||     8
       Fruit             |       |       |       |       |       |       |     3 |       |       ||     3
       Bread ration      |       |       |       |       |       |       |       |     1 |       ||     1
